 Dungeon Crawl Stone Soup version 0.29.0-4-gdea44cf6ec (webtiles) character file.

Game seed: 489888099136799050

4371 qw the Cleaver (level 10, -2/60 HPs)
             Began as a Tengu Warper on Aug 28, 2022.
             Was a Follower of Okawaru.
             Slain by a hornet (3 damage)
             ... on level 8 of the Dungeon.
             The game lasted 00:00:49 (7786 turns).

qw the Cleaver (Tengu Warper)                       Turns: 7786, Time: 00:00:50

Health: -2/60      AC: 16    Str: 16      XL:     10   Next: 34%
Magic:  14/14      EV:  7    Int: 11 (12) God:    Okawaru [*.....]
Gold:   313        SH:  0    Dex: 13      Spells: 13/13 levels left

rFire   . . .      SeeInvis .   Y - +0 war axe (drain)
rCold   . . .      Faith    .   (no shield)
rNeg    . . .      Spirit   .   j - +0 plate armour
rPois   .          Reflect  .   (helmet restricted)
rElec   .          Harm     .   (no cloak)
rCorr   .          Rampage  .   n - +2 pair of gloves
Will    .....                   (boots unavailable)
Stlth   ..........              f - amulet of the acrobat
HPRegen 0.20/turn               (no ring)
MPRegen 0.14/turn               (no ring)

@: lethally poisoned (-2 -> -5), flying quickly and evasively, quick
A: beak, talons 3, nimble flight, deterioration 1, dopey 1
a: Renounce Religion, Heroism


You were on level 8 of the Dungeon.
You worshipped Okawaru.
Okawaru was aware of your devotion.
You visited 1 branch of the dungeon, and saw 8 of its levels.

You collected 313 gold pieces.


Innate Abilities, Weirdness & Mutations

You have a beak for a mouth.
You have claws for feet.
Your magical nature lets you fly swiftly and evasively.
Your body sometimes deteriorates upon taking damage.
You are dopey. (Int -2)


   Skills:
 - Level 6.0 Fighting
 + Level 12.8 Axes
 - Level 1.0 Throwing
 - Level 6.4 Armour
 - Level 3.1 Dodging
 - Level 2.0 Spellcasting
 - Level 2.4 Translocations
 + Level 2.6 Invocations


You had 13 spell levels left.
You didn't know any spells.
Your spell library contained the following spells:

 Spells                   Type           Power      Damage    Failure   Level
 Blink                    Tloc           12%        N/A       100%        2
 Gell's Gravitas          Tloc           6%         N/A       100%        3
 Lesser Beckoning         Tloc           6%         N/A       100%        3
 Teleport Other           Tloc           6%         N/A       100%        3
 Manifold Assault         Tloc           6%         N/A       100%        5

Inventory:

Hand Weapons
 c - a +0 morningstar
 Y - a +0 war axe of draining (weapon)
Missiles
 b - 3 boomerangs (quivered)
Armour
 j - a +0 plate armour (worn)
 n - a +2 pair of gloves (worn)
Jewellery
 f - an amulet of the acrobat (around neck)
 g - a ring of ice
Scrolls
 d - a scroll of immolation {unknown}
 e - a scroll of fog {unknown}
 l - 2 scrolls of identify
Potions
 h - a potion of flight {unknown}
 k - a potion of resistance

Dungeon Overview and Level Annotations

Branches:
Dungeon (8/15)             Temple (0/1) D:7
   Lair: D:8-11

Altars:
Ashenzari
Cheibriados
Elyvilon
Gozag
Okawaru
Qazlal
Ru
Trog
Zin


Message History

The hornet stings you.
The centaur hits you but does no damage.
The centaur kicks you but does no damage.
The hornet stings you but does no damage.
The centaur hits you but does no damage.
The centaur kicks you but does no damage.
The basilisk gazes at you.
You easily resist.
The orc priest completely misses you.
The sky beast hits you but does no damage.
You turn to flesh and can move again.
You miss the hornet. Your kick misses the hornet.
You peck the hornet, but do no damage.
The hornet is severely wounded.
You slash the orc priest! You barely miss the basilisk. You slash the centaur!
You hit the sky beast. You drain the sky beast.
You feel sick. The hornet stings you.
You are lethally poisoned!
You feel yourself slow down. The centaur hits you.
The centaur barely misses you.
You slash the centaur!
You kill the centaur!
Okawaru accepts your kill.
You slash the orc priest!
You kill the orc priest!
Okawaru accepts your kill.
You barely miss the basilisk. You completely miss the sky beast.
You miss the hornet.
You feel yourself speed up.
You feel sick. The hornet completely misses you.
The sky beast barely misses you.
The basilisk bites you but does no damage.
You barely miss the hornet. You claw the hornet.
The hornet is almost dead.
You hit the basilisk. You hit the sky beast. You drain the sky beast.
You feel like a meek peon again.
You feel sick. The hornet barely misses you.
The sky beast hits you but does no damage.
The basilisk bites you but does no damage.
The hornet stings you.
You die...

#... ## ..## ..#...# :.
...... ..#.... ##.# .
#........^......#.#. .#.
#..................#....
...................#..##
...............Yy)..$>..
.......# #.....@l....#
.......# #.!....)....#
.......# ####.#..#####
.......#####............
.............###########
....................
...............#####
...............#
##..#............


You could see a basilisk (very drained), a hornet (very drained) and a sky beast
(very drained).

Vanquished Creatures
  Sigmund (D:4)
  2 wraiths (D:5)
  4 yaks (D:8)
  2 humans (D:7)
  Menkaure (D:7)
  2 water moccasins
  A black bear (D:8)
  A sky beast (D:6)
  2 ice beasts
  2 orc warriors
  7 centaurs
  A phantom (D:4)
  A kobold brigand (D:8)
  2 scorpions
  2 bullfrogs (D:6)
  A necrophage (D:5)
  4 killer bees (D:8)
  A howler monkey (D:5)
  4 hounds
  9 orc priests
  3 jellies
  4 iguanas
  Natasha (thrice) (D:4)
  4 orc wizards
  4 gnolls (D:5)
  7 adders
  2 ufetubi (D:6)
  3 worms
  3 dart slugs
  20 orcs
  4 ball pythons
  6 endoplasms
  2 giant cockroaches
  8 goblins
  8 hobgoblins
  7 jackals
  6 quokkas
  6 bats
  4 frilled lizards
  10 kobolds
  A rat (D:1)
165 creatures vanquished.

Vanquished Creatures (others)
  A fungus (D:2)
  A plant (D:2)
2 creatures vanquished.

Grand Total: 167 creatures vanquished

Notes
Turn   | Place    | Note
-------+----------+-------------------------------------------
     0 | D:1      | qw the Tengu Warper began the quest for the Orb.
     0 | D:1      | Reached XP level 1. HP: 12/12 MP: 4/4
     0 | D:1      | 0 ||| qw: Version: 0.1-a-89-g26bdef1
     0 | D:1      | 0 ||| qw: Game counter: 2975
     0 | D:1      | 0 ||| qw: Always use a shield: true
     0 | D:1      | 0 ||| qw: God list: Okawaru
     0 | D:1      | 0 ||| qw: Allow faded altars: false
     0 | D:1      | 0 ||| qw: Do Orc after D:15 true
     0 | D:1      | 0 ||| qw: Do second Lair branch before Depths: true
     0 | D:1      | 0 ||| qw: Lair rune preference: random
     0 | D:1      | 0 ||| qw: Plans: Normal
     0 | D:1      | 0 ||| PLANNING D:1-11
   181 | D:1      | Reached skill level 3 in Axes
   181 | D:1      | Reached XP level 2. HP: 17/17 MP: 6/6
   498 | D:1      | Reached XP level 3. HP: 21/21 MP: 7/7
   685 | D:1      | 685 ||| UPGRADING to +0 chain mail.
   695 | D:1      | 695 ||| DROPPING +0 leather armour.
   696 | D:1      | 696 ||| READING scroll labelled BOJEMI HUSAF.
   697 | D:1      | 697 ||| READING scroll labelled AQUXYATIMM.
   698 | D:1      | 698 ||| READING scroll labelled MOX ZAIHAOC.
   699 | D:1      | 699 ||| READING scroll labelled DAUFIRGH XOUL.
   702 | D:1      | 702 ||| DROPPING scroll of blinking.
   735 | D:2      | 735 ||| DROPPING +0 club.
   750 | D:2      | 750 ||| Stepping ~*~*~tactically~*~*~ (hiding).
   759 | D:2      | Reached skill level 4 in Axes
  1390 | D:2      | Found a faded altar of an unknown god.
  1875 | D:2      | 1875 ||| UPGRADING to +0 pair of gloves.
  1880 | D:2      | 1880 ||| UPGRADING to amulet of guardian spirit.
  1885 | D:2      | 1885 ||| READING scroll labelled CENELI NUETI.
  1886 | D:2      | 1886 ||| READING scroll labelled OFE ATI JARI DYU.
  1887 | D:2      | 1887 ||| READING scroll labelled DIUQI VANGOURE.
  1888 | D:2      | 1888 ||| READING scroll labelled FOUDWO LASISTY.
  1889 | D:2      | 1889 ||| DRINKING 2 pink potions.
  1890 | D:2      | 1890 ||| DRINKING 2 purple potions.
  1930 | D:2      | 1930 ||| DROPPING potion of lignification.
  2027 | D:3      | Reached XP level 4. HP: 26/26 MP: 8/8
  2042 | D:3      | 2042 ||| Stepping ~*~*~tactically~*~*~ (stealth).
  2063 | D:3      | 2063 ||| DROPPING +0 whip.
  2255 | D:3      | Reached skill level 5 in Axes
  2422 | D:3      | 2422 ||| Stepping ~*~*~tactically~*~*~ (stealth).
  2423 | D:3      | 2423 ||| Stepping ~*~*~tactically~*~*~ (stealth).
  2449 | D:3      | Found a bloodstained altar of Trog.
  2758 | D:3      | 2758 ||| DRINKING 2 glowing ruby potions.
  2862 | D:3      | 2862 ||| READING 2 scrolls of identify.
  2862 | D:3      | 2862 ||| IDENTIFYING golden potion
  2863 | D:3      | 2863 ||| DROPPING potion of berserk rage.
  2890 | D:4      | Noticed a phantom
  2899 | D:4      | Killed a phantom
  2900 | D:4      | Reached skill level 3 in Armour
  2900 | D:4      | Gained mutation: Your magical nature lets you fly swiftly
                  | and evasively. [Tengu growth]
  2900 | D:4      | Reached XP level 5. HP: 28/30 MP: 9/9
  2915 | D:4      | 2915 ||| Stepping ~*~*~tactically~*~*~ (stealth).
  2919 | D:4      | 2919 ||| Stepping ~*~*~tactically~*~*~ (stealth).
  2923 | D:4      | 2923 ||| Stepping ~*~*~tactically~*~*~ (stealth).
  2982 | D:4      | 2982 ||| Stepping ~*~*~tactically~*~*~ (stealth).
  3018 | D:4      | Noticed Natasha
  3027 | D:4      | Killed Natasha
  3028 | D:4      | Reached XP level 6. HP: 33/35 MP: 10/10
  3060 | D:4      | Noticed Sigmund
  3061 | D:4      | 3061 ||| Stepping ~*~*~tactically~*~*~ (stealth).
  3063 | D:4      | 3063 ||| Stepping ~*~*~tactically~*~*~ (hiding).
  3073 | D:4      | Killed Sigmund
  3074 | D:4      | Reached skill level 7 in Axes
  3186 | D:4      | Identified the +8 quarterstaff of Callousness {venom, Int+4
                  | SInv}
  3187 | D:4      | 3187 ||| Stepping ~*~*~tactically~*~*~ (stealth).
  3236 | D:4      | Noticed Natasha
  3239 | D:4      | Killed Natasha
  3247 | D:4      | Noticed Natasha
  3253 | D:4      | Killed Natasha
  3254 | D:4      | Reached XP level 7. HP: 40/40 MP: 11/11
  3286 | D:4      | 3286 ||| Stepping ~*~*~tactically~*~*~ (stealth).
  3296 | D:4      | 3296 ||| Stepping ~*~*~tactically~*~*~ (hiding).
  3297 | D:4      | 3297 ||| Stepping ~*~*~tactically~*~*~ (hiding).
  3434 | D:4      | 3434 ||| DRINKING 2 inky potions.
  3434 | D:4      | Gained mutation: You are dopey. (Int -2) [potion of
                  | mutation]
  3434 | D:4      | Gained mutation: You occasionally lose the ability to read
                  | scrolls when taking damage. [potion of mutation]
  3434 | D:4      | Gained mutation: Your spells are a little harder to cast,
                  | but a little more powerful. [potion of mutation]
  3435 | D:4      | 3435 ||| DRINKING potion of mutation.
  3435 | D:4      | Lost mutation: Your spells are a little harder to cast, but
                  | a little more powerful. [potion of mutation]
  3435 | D:4      | Lost mutation: You occasionally lose the ability to read
                  | scrolls when taking damage. [potion of mutation]
  3435 | D:4      | Gained mutation: You are robust. (+10% HP) [potion of
                  | mutation]
  3435 | D:4      | Gained mutation: Your body sometimes deteriorates upon
                  | taking damage. [potion of mutation]
  3435 | D:4      | Lost mutation: You are robust. (+10% HP) [potion of
                  | mutation]
  3436 | D:4      | 3436 ||| DRINKING 2 bubbling ruby potions.
  3462 | D:5      | Entered Level 5 of the Dungeon
  3463 | D:5      | Noticed a wraith
  3467 | D:5      | 3467 ||| STAIRDANCE
  3472 | D:4      | Reached skill level 3 in Fighting
  3481 | D:5      | Killed a wraith
  3505 | D:5      | 3505 ||| STAIRDANCE
  3629 | D:5      | 3629 ||| READING scroll of enchant weapon.
  3629 | D:5      | 3629 ||| ENCHANTING +1 spectral hand axe.
  3656 | D:5      | 3656 ||| Stepping ~*~*~tactically~*~*~ (stealth).
  3658 | D:5      | 3658 ||| Stepping ~*~*~tactically~*~*~ (hiding).
  3659 | D:5      | 3659 ||| Stepping ~*~*~tactically~*~*~ (hiding).
  3666 | D:5      | Reached skill level 8 in Axes
  3673 | D:5      | 3673 ||| FLEEEEING.
  3674 | D:5      | 3674 ||| FLEEEEING.
  3678 | D:5      | 3678 ||| STAIRDANCE
  3820 | D:4      | 3820 ||| READING scroll labelled UXIGAF URRUGO.
  3825 | D:5      | Noticed a wraith
  3840 | D:5      | Killed a wraith
  3841 | D:5      | Reached skill level 9 in Axes
  3841 | D:5      | Reached XP level 8. HP: 34/46 MP: 9/12
  3864 | D:5      | 3864 ||| FLEEEEING.
  3865 | D:5      | 3865 ||| FLEEEEING.
  3866 | D:5      | 3866 ||| FLEEEEING.
  3867 | D:5      | 3867 ||| STAIRDANCE
  4033 | D:5      | 4033 ||| READING scroll of teleportation.
  4064 | D:5      | 4064 ||| Stepping ~*~*~tactically~*~*~ (hiding).
  4065 | D:5      | 4065 ||| Stepping ~*~*~tactically~*~*~ (hiding).
  4074 | D:5      | 4074 ||| Stepping ~*~*~tactically~*~*~ (hiding).
  4075 | D:5      | 4075 ||| Stepping ~*~*~tactically~*~*~ (hiding).
  4077 | D:5      | 4077 ||| Stepping ~*~*~tactically~*~*~ (hiding).
  4091 | D:5      | 4091 ||| DRINKING potion of curing.
  4091 | D:5      | 4091 ||| (to cure confusion)
  4163 | D:5      | 4163 ||| Stepping ~*~*~tactically~*~*~ (stealth).
  4165 | D:5      | 4165 ||| Stepping ~*~*~tactically~*~*~ (hiding).
  4173 | D:5      | Reached skill level 10 in Axes
  4173 | D:5      | 4173 ||| FLEEEEING.
  4174 | D:5      | 4174 ||| Stepping ~*~*~tactically~*~*~ (hiding).
  4176 | D:5      | 4176 ||| Stepping ~*~*~tactically~*~*~ (hiding).
  4177 | D:5      | 4177 ||| Stepping ~*~*~tactically~*~*~ (hiding).
  4178 | D:5      | 4178 ||| FLEEEEING.
  4179 | D:5      | 4179 ||| FLEEEEING.
  4180 | D:5      | 4180 ||| Stepping ~*~*~tactically~*~*~ (hiding).
  4181 | D:5      | 4181 ||| FLEEEEING.
  4182 | D:5      | 4182 ||| Stepping ~*~*~tactically~*~*~ (hiding).
  4183 | D:5      | 4183 ||| Stepping ~*~*~tactically~*~*~ (hiding).
  4627 | D:5      | 4627 ||| Stepping ~*~*~tactically~*~*~ (hiding).
  4712 | D:5      | 4712 ||| Stepping ~*~*~tactically~*~*~ (stealth).
  4713 | D:5      | 4713 ||| Stepping ~*~*~tactically~*~*~ (stealth).
  4822 | D:5      | 4822 ||| READING 3 scrolls of identify.
  4822 | D:5      | 4822 ||| IDENTIFYING fuming grey potion
  4823 | D:5      | 4823 ||| READING 2 scrolls of identify.
  4823 | D:5      | 4823 ||| IDENTIFYING dark potion
  4824 | D:5      | 4824 ||| DROPPING potion of attraction.
  4902 | D:6      | 4902 ||| FLEEEEING.
  4903 | D:6      | 4903 ||| FLEEEEING.
  4904 | D:6      | 4904 ||| STAIRDANCE
  4972 | D:6      | Reached XP level 9. HP: 45/54 MP: 10/13
  5025 | D:6      | Found a broken altar of Ashenzari.
  5052 | D:6      | 5052 ||| READING scroll of enchant armour.
  5052 | D:6      | 5052 ||| ENCHANTING +0 pair of gloves.
  5184 | D:6      | 5184 ||| Stepping ~*~*~tactically~*~*~ (stealth).
  5199 | D:6      | Reached skill level 11 in Axes
  5205 | D:6      | 5205 ||| READING scroll of enchant armour.
  5205 | D:6      | 5205 ||| ENCHANTING +1 pair of gloves.
  5254 | D:6      | 5254 ||| Stepping ~*~*~tactically~*~*~ (hiding).
  5255 | D:6      | 5255 ||| Stepping ~*~*~tactically~*~*~ (hiding).
  5355 | D:6      | Reached skill level 3 in Dodging
  5897 | D:6      | 5897 ||| READING 2 scrolls of identify.
  5897 | D:6      | 5897 ||| IDENTIFYING metallic coppery potion
  5898 | D:6      | 5898 ||| DROPPING potion of invisibility.
  6009 | D:7      | Found an opulent altar of Gozag.
  6103 | D:7      | 6103 ||| Stepping ~*~*~tactically~*~*~ (hiding).
  6277 | D:7      | Found an iron altar of Okawaru.
  6311 | D:7      | Reached skill level 12 in Axes
  6484 | D:7      | Became a worshipper of Warmaster Okawaru
  6485 | D:7      | 6485 ||| REMOVING amulet of guardian spirit.
  6563 | D:7      | 6563 ||| Stepping ~*~*~tactically~*~*~ (hiding).
  6582 | D:7      | 6582 ||| SWAPPING to +0 war axe.
  6583 | D:7      | 6583 ||| DROPPING +2 spectral hand axe.
  6598 | D:7      | Found a snail-covered altar of Cheibriados.
  6717 | D:7      | Noticed Menkaure
  6725 | D:7      | Killed Menkaure
  6814 | D:7      | 6814 ||| READING scroll of brand weapon.
  6814 | D:7      | 6814 ||| BRANDING +0 war axe.
  7000 | D:7      | Found a staircase to the Ecumenical Temple.
  7086 | D:7      | Found a glowing silver altar of Zin.
  7126 | D:7      | 7126 ||| UPGRADING to +0 plate armour.
  7136 | D:7      | 7136 ||| DROPPING +0 chain mail.
  7137 | D:7      | 7137 ||| UPGRADING to amulet of the acrobat.
  7142 | D:7      | 7142 ||| DROPPING amulet of guardian spirit.
  7143 | D:7      | 7143 ||| READING scroll labelled SEAMILO KUUMM.
  7316 | D:8      | Reached skill level 6 in Armour
  7316 | D:8      | Reached XP level 10. HP: 28/60 MP: 14/14
  7320 | D:8      | Reached skill level 6 in Fighting
  7320 | D:8      | HP: 13/60 [yak (9)]
  7321 | D:8      | 7321 ||| READING scroll of teleportation.
  7322 | D:8      | 7322 ||| DRINKING 3 potions of heal wounds.
  7323 | D:8      | HP: 5/60 [yak (3)]
  7324 | D:8      | 7324 ||| DRINKING 2 potions of heal wounds.
  7325 | D:8      | 7325 ||| DRINKING potion of heal wounds.
  7328 | D:8      | 7328 ||| DRINKING potion of curing.
  7328 | D:8      | 7328 ||| (to cure confusion)
  7331 | D:8      | Reached * piety under Okawaru
  7332 | D:8      | 7332 ||| INVOKING Heroism.
  7333 | D:8      | 7333 ||| INVOKING Heroism.
  7335 | D:8      | Reached skill level 1 in Invocations
  7588 | D:8      | 7588 ||| INVOKING Heroism.
  7632 | D:8      | Found a stormy altar of Qazlal.
  7632 | D:8      | Found a sacrificial altar of Ru.
  7633 | D:8      | 7633 ||| INVOKING Heroism.
  7634 | D:8      | Found a white marble altar of Elyvilon.
  7767 | D:8      | 7767 ||| DRINKING potion of cancellation.
  7768 | D:8      | 7768 ||| INVOKING Heroism.
  7773 | D:8      | Paralysed by a hornet for 3 turns
  7779 | D:8      | HP: 15/60 [centaur (1)]
  7784 | D:8      | HP: 10/60 [poisoned by a kobold brigand]
  7784 | D:8      | HP: 4/60 [hornet (6)]
  7786 | D:8      | HP: 1/60 [poisoned by a hornet]
  7786 | D:8      | Slain by a hornet

Levels and vault maps discovered:
D:1:      mrwooster_arrival_statue, layout_basic, minmay_bisected
D:2:      layout_basic, shapermc_ecumenical_altar_acropolis,
          minmay_misc_feat_square, minmay_goblin_kobold_house
D:3:      minmay_general_purpose_star, layout_loops_ring,
          nicolae_overflow_crystal_walls, dreamdust_princess_corridor,
          serial_bayou_pond_e, st_stairs_11
D:4:      minmay_angry_zag, layout_rooms, uniq_natasha, uniq_sigmund
D:5:      minmay_chambers_of_fours, layout_cave_pools
D:6:      layout_basic, evilmike_ruin_ashenzari, kennysheep_generic_room_13
D:7:      layout_loops_ring, general_overflow_altar, grunt_gozag_statues,
          mainiacjoe_overflow_six_doors_small, okawaru_humans,
          minmay_temple_entry_enclosed_plants, corexii_leaking_fountain,
          uniq_menkaure
D:8:      layout_basic, mainiacjoe_overflow_alcove_4,
          chequers_temple_overflow_statue_of_worship, minmay_manual_monstrance

Skill      XL: |  1  2  3  4  5  6  7  8  9 10 |
---------------+-------------------------------+-----
Axes           | 3 4 5 7 9 10 12 | 12.8
Armour         | 3 4 6 |  6.4
Fighting       | 3 5 6 |  6.0
Dodging        | 3 |  3.1
Invocations    | 2 |  2.6
Throwing       | |  1.0
Spellcasting   | |  2.0
Translocations | |  2.4

Action                   |  1- 3 |  4- 6 |  7- 9 | 10-12 || total
-------------------------+-------+-------+-------+-------++-------
Melee: Hand axe          |    90 |    54 |   192 |       ||   336
       Kick              |    18 |    20 |    73 |    11 ||   122
       Peck              |    14 |     4 |    48 |     8 ||    74
       War axe           |       |       |    26 |    44 ||    70
       Punch             |       |       |     3 |     1 ||     4
Throw: Boomerang         |     7 |       |       |     1 ||     8
Invok: Heroism           |       |       |       |     4 ||     4
  Use: Scroll            |     8 |     1 |    10 |     1 ||    20
       Potion            |     2 |     1 |     4 |     5 ||    12
 Stab: Distracted        |       |       |     2 |       ||     2
Armor: Leather armour    |     8 |       |       |       ||     8
       Chain mail        |    12 |    20 |    84 |       ||   116
       Plate armour      |       |       |    15 |    91 ||   106
Dodge: Dodged            |    44 |    12 |    68 |    43 ||   167

Table legend:
 A = Non-vault XP
 B = Vault XP
 C = Vault XP percentage of total XP
 D = Non-vault monster count
 E = Vault monster count
 F = Vault count percentage of total count
                 A         B        C        D         E       F
            +---------+---------+-------+---------+---------+-------
      Total |    4668 |    1577 |  25.3 |     131 |      34 |  20.6
            +---------+---------+-------+---------+---------+-------
        D:1 |      38 |       4 |   9.5 |      21 |       3 |  12.5
        D:2 |      28 |       7 |  20.0 |      12 |       4 |  25.0
        D:3 |      19 |      27 |  58.7 |      10 |       7 |  41.2
        D:4 |     318 |     275 |  46.4 |      24 |       6 |  20.0
        D:5 |    1100 |     332 |  23.2 |      20 |       6 |  23.1
        D:6 |     791 |     133 |  14.4 |      13 |       2 |  13.3
        D:7 |     604 |     546 |  47.5 |      10 |       3 |  23.1
        D:8 |    1770 |     253 |  12.5 |      21 |       3 |  12.5
            +---------+---------+-------+---------+---------+-------
